 Dungeon Crawl Stone Soup version 0.27.1-34-g3ba077fa99 (webtiles) character file.

Game seed: 12212317222445251184

1250 boopmooplesden the Cruncher (level 8, -5/70 HPs)
             Began as a Minotaur Gladiator on Jan 1, 2022.
             Slain by an unseen horror (7 damage)
             ... on level 5 of the Dungeon.
             The game lasted 00:06:17 (4755 turns).

boopmooplesden the Cruncher (Minotaur Gladiator)    Turns: 4755, Time: 00:06:17

Health: -5/70      AC: 14    Str: 18    XL:     8   Next: 26%
Magic:  7/7        EV: 14    Int:  5    God:
Gold:   309        SH:  0    Dex: 15    Spells: 7/7 levels left

rFire    + . .     SeeInvis .   a - +2 quarterstaff
rCold    + . .     Faith    .   (shield currently unavailable)
rNeg     . . .     Spirit   .   d - +3 leather armour {rC+}
rPois    .         Reflect  .   c - +1 hat
rElec    .         Harm     .   s - +0 cloak
rCorr    .         Rampage  .   e - +0 pair of gloves
Will     .....                  (no boots)
Stlth    ++........             (no amulet)
HPRegen  0.21/turn              j - +4 ring of protection
MPRegen  0.10/turn              y - ring of protection from fire

@: hasted, very quick
A: horns 2, retaliatory headbutt
a: no special abilities


You were on level 5 of the Dungeon.
You visited 1 branch of the dungeon, and saw 5 of its levels.

You collected 309 gold pieces.

Inventory:

Hand Weapons
 a - a +2 quarterstaff (weapon)
 r - a +3 quarterstaff of chaos
Missiles
 i - 7 silver boomerangs (quivered)
Armour
 b - a +0 leather armour
 c - a +1 hat (worn)
 d - a +3 leather armour of cold resistance (worn)
 e - a +0 pair of gloves (worn)
 s - a +0 cloak (worn)
Jewellery
 g - an amulet of guardian spirit
 j - a +4 ring of protection (left hand)
 m - a ring of fire
 y - a ring of protection from fire (right hand)
Scrolls
 h - a scroll of teleportation
 o - 2 scrolls of magic mapping {unknown}
 q - a scroll of blinking {unknown}
 t - a scroll of identify {unknown}
 u - a scroll of amnesia {unknown}
 v - a scroll of enchant weapon
 w - a scroll of fog {unknown}
Potions
 f - a potion of experience {unknown}
 k - 2 potions of haste
 l - a potion of magic {unknown}
 n - a potion of brilliance {unknown}
 p - a potion of might {unknown}
 x - a potion of flight {unknown}


   Skills:
 + Level 5.7 Fighting
 + Level 8.4 Staves
 + Level 2.5 Throwing
 + Level 4.4 Armour
 + Level 5.0 Dodging
 + Level 2.4 Stealth


You had 7 spell levels left.
You didn't know any spells.
Your spell library contained the following spells:

 Spells                   Type           Power      Damage    Failure   Level
 Sting                    Tmut/Pois      0%         1d3       54%         1
 Poisonous Vapours        Pois/Air       0%         N/A       67%         2
 Sublimation of Blood     Necr           0%         N/A       67%         2
 Olgreb's Toxic Radiance  Pois           0%         N/A       99%         4
 Petrify                  Tmut/Erth      0%         N/A       99%         4
 Irradiate                Conj/Tmut      0%         3d13      100%        5


Dungeon Overview and Level Annotations

Branches:
Dungeon (5/15)
 Temple: D:4-7

Altars:
Cheibriados
Sif Muna
Wu Jian
Yredelemnul

Shops:
D:5 (


Innate Abilities, Weirdness & Mutations

You have a pair of horns on your head.
You reflexively headbutt those who attack you in melee.


Message History

You see here a +2 robe of positive energy.
Something barely misses you. Something hits you but does no damage.
Something hits you but does no damage. x2
Something barely misses you. Something hits you but does no damage.
Something barely misses you. Something hits you.
Something hits you but does no damage.
You completely miss something. Something hits you.
You swing at nothing.
Something hits you but does no damage.
You closely miss something. You headbutt something.
Something hits you but does no damage. x2
You hit something. Something hits you but does no damage.
You swing at nothing.
You miss something. Something hits you.
You swing at nothing.
You hit something. You headbutt something.
Something hits you but does no damage. Something hits you.
You barely miss something. Something barely misses you.
You swing at nothing.
Something hits you.
You hit something but do no damage. Your headbutt misses something.
Something hits you but does no damage. x3
You hit something. Something hits you!
* * * LOW HITPOINT WARNING * * *
You hit something but do no damage. Something completely misses you.
Something hits you but does no damage.
You barely miss something. You headbutt something.
Something hits you but does no damage. Something hits you.
* * * LOW HITPOINT WARNING * * *
You hit something. Something hits you!
* * * LOW HITPOINT WARNING * * *
Something hits you but does no damage.
You miss something. Something barely misses you.
You thump something! Something hits you.
* * * LOW HITPOINT WARNING * * *
You swing at nothing.
You miss something. Something barely misses you.
It was a potion of haste.
You feel yourself speed up. Something barely misses you.
Something hits you but does no damage.
You sock something! Something hits you but does no damage. Something hits you!
You die...

#.......#....#
..
#.......#...##
#######)#####
####....#
##.......##
#..##.##..#
#.##...##.##
#.#.###.#..#..#
#@#..[..#......
#.#.###.#......
#.##...##.##..#
....##.##..# .#
#...........+
#....#..+...#
#....########
######


There were no monsters in sight!

Vanquished Creatures
  Sigmund (D:3)
  Edmund (D:4)
  Duvessa (D:5)
  A necrophage (D:3)
  2 ogres
  A centaur (D:4)
  Dowan (D:5)
  A water moccasin skeleton (D:5)
  A centaur zombie (D:5)
  A bullfrog zombie (D:5)
  Crazy Yiuf (D:4)
  A centaur skeleton (D:5)
  A gnoll shaman (D:3)
  Jessica (D:3)
  An iguana (D:5)
  3 orc wizards
  3 gnolls (D:3)
  5 adders
  3 worms
  A dart slug (D:1)
  7 orcs
  11 ball pythons
  2 endoplasms
  4 giant cockroaches
  3 goblins (D:3)
  11 hobgoblins
  5 jackals
  9 kobolds
  2 quokkas (D:1)
  5 bats
  4 frilled lizards
  16 rats
110 creatures vanquished.

Notes
Turn   | Place    | Note
-------+----------+-------------------------------------------
     0 | D:1      | boopmooplesden the Minotaur Gladiator began the quest for
                  | the Orb.
     0 | D:1      | Reached XP level 1. HP: 18/18 MP: 0/0
   122 | D:1      | Reached XP level 2. HP: 25/25 MP: 1/1
   260 | D:1      | Reached skill level 4 in Staves
   519 | D:1      | Reached XP level 3. HP: 30/30 MP: 2/2
   883 | D:2      | Found a faded altar of an unknown god.
  1461 | D:2      | Reached XP level 4. HP: 38/38 MP: 3/3
  1793 | D:2      | You fall into a shaft and drop 2 floors!
  1812 | D:4      | Reached skill level 1 in Armour
  2136 | D:4      | Noticed Edmund
  2157 | D:4      | Reached skill level 5 in Staves
  2171 | D:4      | Reached XP level 5. HP: 8/45 MP: 4/4
  2398 | D:4      | Killed Edmund
  2399 | D:4      | Reached XP level 6. HP: 30/52 MP: 5/5
  2716 | D:4      | Found a runed translucent door.
  2717 | D:4      | Noticed Crazy Yiuf
  3037 | D:4      | Killed Crazy Yiuf
  3125 | D:3      | Found a shimmering blue altar of Sif Muna.
  3129 | D:3      | Noticed Sigmund
  3133 | D:3      | Reached skill level 6 in Staves
  3141 | D:3      | Killed Sigmund
  3142 | D:3      | Reached skill level 1 in Stealth
  3142 | D:3      | Reached XP level 7. HP: 60/60 MP: 6/6
  3297 | D:3      | Reached skill level 7 in Staves
  3522 | D:3      | Noticed Jessica
  3541 | D:3      | Killed Jessica
  3573 | D:3      | Reached skill level 5 in Fighting
  3640 | D:3      | Found an ornate altar of the Wu Jian Council.
  3711 | D:3      | Found a snail-covered altar of Cheibriados.
  3859 | D:5      | Entered Level 5 of the Dungeon
  4158 | D:5      | Noticed Duvessa
  4163 | D:5      | Found a basalt altar of Yredelemnul.
  4181 | D:5      | Killed Duvessa
  4182 | D:5      | Reached skill level 8 in Staves
  4182 | D:5      | Reached XP level 8. HP: 58/69 MP: 7/7
  4187 | D:5      | Noticed Dowan
  4203 | D:5      | Killed Dowan
  4637 | D:5      | Found Ufuntude's Weapon Boutique.
  4695 | D:5      | Reached skill level 5 in Dodging
  4751 | D:5      | HP: 1/70 [something (5)]
  4755 | D:5      | Slain by an unseen horror

Illustrated notes

Levels and vault maps discovered:
D:1:      dpeg_arrival_tiny_h, layout_loops_cross, minmay_misc_feat_plants,
          minmay_tetromino_s2
D:2:      layout_basic, ebering_ecumenical_altar_sacrificial,
          grunt_decor_mini_mirrors, minmay_rat_gold_closets
D:3:      layout_rooms, mainiacjoe_overflow_small_starburst, slow_altar_1,
          nicolae_wu_jian_immortal_techniques, uniq_jessica, uniq_sigmund
D:4:      layout_cave_pools, kennysheep_cross_bottleneck,
          uniq_crazy_yiuf_cottage, uniq_edmund
D:5:      layout_gridville, lemuel_doored_altar, pf_just_have_faith,
          nicolae_take_the_stairs, minmay_checkerbox, uniq_duvessa

Skill      XL: |  1  2  3  4  5  6  7  8 |
---------------+-------------------------+-----
Staves         | 4 5 6 8 |  8.4
Dodging        | 4 5 |  5.0
Fighting       | 3 4 5 |  5.7
Armour         | 2 3 4 |  4.4
Stealth        | 1 2 |  2.4
Throwing       | |  2.5

Action                   |  1- 3 |  4- 6 |  7- 9 || total
-------------------------+-------+-------+-------++-------
Melee: Quarterstaff      |    87 |    76 |   109 ||   272
       Headbutt          |    16 |    14 |    20 ||    50
Throw: Throwing net      |       |     4 |     1 ||     5
       Boomerang         |       |       |     2 ||     2
  Use: Scroll            |       |     5 |       ||     5
       Potion            |       |       |     1 ||     1
 Stab: Held in net/web   |       |     2 |     1 ||     3
       Sleeping          |       |       |     1 ||     1
Armor: Leather armour    |    24 |    32 |    57 ||   113
Dodge: Dodged            |    59 |    47 |    70 ||   176
